[Event "85th ARM-ch HL 2025"]
[Site "Yerevan"]
[Date "2025.01.18"]
[Round "5.4"]
[White "Sargsyan, Sargis Vach."]
[Black "Grigoryan, Karen H."]
[Result "1-0"]
[Annotator "TA"]
[ECO "B40"]
[WhiteElo "2370"]
[BlackElo "2572"]
[PlyCount "57"]
[EventDate "2025.01.13"]
[EventType "tourn"]
[EventCountry "ARM"]
[SourceTitle "playchess.com"]
[Source "ChessBase"]
[SourceQuality "1"]
[TimeControl "40/5400+30:1800+30"]

1. e4 c5 2. Nf3 e6 3. c3 Nf6 4. Bd3 d5 5. e5 Nfd7 6. Bc2 d4 7. O-O Nc6 8. Ba4 g5 9. d3 g4 $1 10. Ng5 h6 11. Ne4 Ndxe5 12. cxd4 cxd4 13. f4 $36 {[%emt 0:03:31][%mdl 2048] Black is under pressure.} (13. Bf4 Ng6 14. Qc1 Bg7 15. Nd6+ Kf8 16. Bxc6 bxc6 $15) 13... gxf3 {[%emt 0:00:23] Strongly threatening ...f5.} 14. Nbd2 fxg2 (14... Nxd3 $2 15. Qxf3 (15. Nxf3 Nc5 $18) 15... f5 16. Qxd3 $18) 15. Nf6+ Ke7 16. Rf4 Nxd3 $2 {[%emt 0:02:50] [#]} ({Better is} 16... Rb8 $11) 17. Nde4 $1 $16 {[%emt 0:00:49] Chess con chili.} Nce5 $2 {[%emt 0:02:38] [#]} (17... Nxf4 $16 {keeps fighting.} 18. Bxf4 Qb6) 18. Bb5 $1 $18 Nxc1 (18... Nxf4 19. Bxf4 d3 20. Bxe5 Qb6+ 21. Kxg2 Qxb5 22. Rc1 Qxe5 23. Qa4 $11) (18... Bd7 19. Bxd3) 19. Rxc1 Qb6 (19... d3 $142 20. Qa4 Qb6+ 21. Kxg2 Kd8) 20. Rc5 {[%emt 0:01:28][%cal Od1d4] Strongly threatening Qxd4!.} Ng6 21. Rf2 Bg7 22. Qxd4 {[%emt 0:02:23][%cal Od4b4] Threatening mate with Qb4!.} Rd8 23. Qb4 Rd1+ 24. Kxg2 Nh4+ 25. Kh3 Rd3+ 26. Kxh4 (26. Bxd3 $2 {too greedy.} Qxb4 27. Rc7+ Kd8 28. Rxf7 Bxf6 (28... Nf5 $2 29. Kg2 $19) 29. R2xf6 Qd4 30. Kxh4 Qxd3 $19) 26... Kd8 27. Rd2 Rxd2 28. Qxd2+ Ke7 29. Qf4 (29. Nd7 $142 Bc3 30. bxc3 (30. Rxc3 Bxd7 31. Qxd7+ Kf8 32. Rc7 Qxc7 33. Qxc7 Kg8 34. Qg3+ Kf8) (30. Nxb6 Bxd2 31. Nxa8 Bf4 $18) 30... Bxd7 31. Qxd7+ Kf8 32. Rc7 Qxc7 33. Qxc7 Kg7 34. Qg3+ (34. Qxb7 Rh8 $18) 34... Kf8 35. Qe5 (35. Qd6+ Kg8 36. Qe7 Rc8 37. Be8 Rxe8 38. Nf6+ Kg7 39. Nh5+ Kg8 40. Qxe8+ Kh7 41. Qxf7+ Kh8 42. Qg7#)) 1-0

[Event "85th ARM-ch HL 2025"]
[Site "Yerevan"]
[Date "2025.01.18"]
[Round "5.5"]
[White "Hovhannisyan, Robert"]
[Black "Hayrapetyan, Hovik"]
[Result "1-0"]
[Annotator "TA"]
[ECO "B51"]
[WhiteElo "2626"]
[BlackElo "2462"]
[PlyCount "81"]
[EventDate "2025.01.13"]
[EventType "tourn"]
[EventCountry "ARM"]
[SourceTitle "playchess.com"]
[Source "ChessBase"]
[SourceQuality "1"]
[TimeControl "40/5400+30:1800+30"]

1. e4 c5 2. Nf3 d6 3. Bb5+ Nd7 4. d4 cxd4 5. Qxd4 a6 6. Bxd7+ Bxd7 7. Nc3 e5 8. Qd3 h6 9. Nd2 Nf6 10. Nc4 Be6 11. O-O Rc8 12. Ne3 Qc7 13. Rd1 Be7 14. a4 O-O 15. a5 Rfd8 16. Bd2 Bc4 17. Nxc4 Qxc4 18. Be3 Qxd3 19. Rxd3 d5 {[%emt 0:04:25] Hoping for ...d4.} 20. exd5 Bb4 21. Bd2 Bxc3 22. Bxc3 Rxd5 23. h3 Rxd3 24. cxd3 $11 {[%emt 0:00:05][%mdl 4096] Endgame KRB-KRN} Nd7 25. Ra4 f6 26. d4 exd4 27. Rxd4 Rc7 28. g4 Kf7 29. Kg2 Ne5 30. f4 Nc6 31. Rd3 Ke7 32. Kf3 Kf7 33. Ke4 Re7+ 34. Kd5 Rd7+ 35. Kc4 Rxd3 36. Kxd3 $14 {[%emt 0:00:05] KB-KN} Ke6 37. Kc4 Kd6 38. f5 h5 39. gxh5 Kd7 $2 (39... Ne7 $16) 40. Kc5 $18 Ne7 {[%emt 0:00:00] [#]} 41. Bxf6 $1 1-0

[Event "85th ARM-ch HL 2025"]
[Site "Yerevan"]
[Date "2025.01.19"]
[Round "6.1"]
[White "Davtyan, Artur"]
[Black "Hayrapetyan, Hovik"]
[Result "1/2-1/2"]
[Annotator "TA"]
[ECO "D02"]
[WhiteElo "2458"]
[BlackElo "2462"]
[PlyCount "81"]
[EventDate "2025.01.13"]
[EventType "tourn"]
[EventCountry "ARM"]
[SourceTitle "playchess.com"]
[Source "ChessBase"]
[SourceQuality "1"]
[TimeControl "40/5400+30:1800+30"]

1. d4 Nf6 2. Nf3 d5 3. c3 e6 4. Bf4 c5 5. e3 Nc6 6. Nbd2 Bd6 7. Bg3 O-O 8. Be2 Bxg3 9. hxg3 Qd6 10. Bb5 h6 11. O-O Bd7 12. a4 Rab8 13. Qb3 cxd4 14. exd4 a6 15. Bd3 b5 16. axb5 axb5 17. Rfc1 Rfc8 18. Ra6 (18. Bxb5 $2 Ne7 19. Bxd7 Rxb3 20. Bxc8 Rxb2 $19) 18... Qe7 19. Qd1 Be8 20. b4 e5 21. dxe5 Nxe5 22. Nxe5 Qxe5 23. Nf3 Qh5 24. Qd2 Bd7 25. Qf4 Re8 (25... Rb7 $1 $14) 26. Rxf6 (26. Ra7 $16 {[%cal Oa7d7] Rxd7! is the strong threat.} Rbd8 27. Rc7) 26... gxf6 $11 27. Qxf6 Bg4 28. Nd4 Bd1 29. f3 (29. Nxb5 $2 Re1+ 30. Bf1 Rxf1+ 31. Kxf1 Qh1#) 29... Re1+ 30. Kf2 Qh1 31. g4 (31. Nxb5 $2 Qg1#) 31... Rg1 32. Bh7+ $1 (32. Nxb5 Qxg2+ 33. Ke3 Re1+ 34. Kd4 Qf2+ (34... Qxf3 $2 35. Qxf3 Bxf3 36. Rxe1 $18) 35. Kxd5 Bb3+ (35... Bxf3+ 36. Qxf3 Qxf3+ 37. Kc4 Rxc1 38. Bf5 Qe2+ 39. Bd3 Rc8+ 40. Kd5 Qxd3+ 41. Nd4 Re1 42. g5 Qc4+ 43. Kd6 Rd8#) 36. c4 Rxb5+ (36... Rxc1 37. Bh7+ Kxh7 38. Qxf7+ Kh8 39. Qf6+ Kh7 40. Qf5+ Kg7 41. Qe5+ Kg8 42. Qe6+ Kg7 43. Qe5+ Kh7 44. Qf5+ Kg7 45. Qe5+ $11) 37. Kd6 Qb6+ (37... Rxb4 38. Bh7+ Kxh7 39. Qxf7+ Kh8 40. Qf6+ Kh7 41. Qf7+ Kh8 42. Qf6+ Kg8 43. Qg6+ Kf8 44. Qxh6+ Ke8 45. Qh8+ Kf7 46. Qh7+ Kf8 47. Qf5+ Kg7 48. Qg5+ Kf7 49. Qh5+ Kf8 50. Qh8+ Kf7 51. Qh7+ Kf6 52. Qh6+ Kf7 53. Qh7+ $11) 38. Kd7 Qa7+ (38... Qxf6 39. cxb5 Rxc1 40. Bf5 Be6+ 41. Kd6 Bc8+ 42. Kd5 Bb7#) 39. Kd6 Qa6+ (39... Rxc1 40. Qd8+ Kg7 41. Qa5 Qd4+ 42. Kc7 Rxa5 43. g5 Ra7+ 44. Kc6 Qd7+ 45. Kc5 Rc7+ 46. Kb6 Qc6+ 47. Ka5 Ra7#) 40. Kd7 Rb7+ 41. Kd8 Qa8#) 32... Kxh7 33. Qxf7+ Kh8 34. Qf6+ (34. Qxd5 Qxg2+ (34... Rxg2+ $2 35. Ke3 $19) 35. Ke3 Re1+) 34... Kh7 35. Qf5+ Kg8 36. Qxd5+ Kh7 37. Qe4+ (37. Nxb5 Qxg2+ (37... Rxg2+ $2 38. Ke3 $19) 38. Ke3 Re1+ (38... Qe2+ 39. Kd4 Qd2+ 40. Kc5 Rxb5+ 41. Kxb5 Qxd5+ 42. Kb6 Re1 43. f4 Re6+ 44. Kc7 Rc6+ 45. Kb7 Qd7+ 46. Kb8 Rc8#) 39. Kd3 Qe2+ (39... Bxf3 $2 40. Qf7+ Kh8 41. Rxe1 $18) 40. Kd4 Qd2+ (40... Rxb5 41. Qf7+ Kh8 42. Qf8+ Kh7 43. Qf7+ Kh8 44. Qf8+ Kh7 45. Qf7+ $11) 41. Kc4 Be2+ (41... Qxc1 42. Qf7+ Kh8 43. Qf6+ Kg8 44. Qg6+ Kf8 45. Qf6+ Kg8 46. Qg6+ Kf8 47. Qf6+ Ke8 48. Qg6+ Kf8 $11) 42. Kb3 Qxd5+ 43. Kb2 Ra8 (43... Qd2+ 44. Rc2 Qd1 45. Na3 Ra8 46. Kb3 Rxa3+ 47. Kxa3 Qxc2 48. b5 Qxc3+ 49. Ka4 Bd1#) 44. Na3 Rxa3 (44... Rxc1 45. Kxc1 Rxa3 46. c4 Qd1+ 47. Kb2 Rb3+ 48. Ka2 Qb1#) 45. Kxa3 Rxc1 46. Kb2 Qd2+ 47. Kb3 Rxc3+ 48. Ka4 Qa2#) 37... Kg8 38. Qd5+ Kh7 39. Qe4+ (39. Nxb5 Qxg2+ (39... Rxg2+ $2 40. Ke3 $19) 40. Ke3 Re1+ (40... Qe2+ 41. Kd4 Qd2+ 42. Kc5 Rxb5+ 43. Kxb5 Qxd5+ 44. Kb6 Re1 45. c4 Re6+ 46. Kc7 Qc6+ 47. Kb8 Re8+ 48. Ka7 Ra8#) 41. Kd3 Qe2+ (41... Bxf3 $2 {loses.} 42. Qf7+ Kh8 43. Rxe1 $18) 42. Kd4 Qd2+ (42... Rxb5 43. Qf7+ Kh8 44. Qf8+ Kh7 45. Qf7+ Kh8 46. Qf8+ Kh7 47. Qf7+ $11) 43. Kc4 Be2+ (43... Qxc1 44. Qf7+ Kh8 45. Qf6+ Kg8 46. Qg6+ Kf8 47. Qf6+ Kg8 48. Qg6+ Kf8 49. Qf6+ Ke8 50. Qg6+ Ke7 51. Qg7+ Ke8 52. Qg6+ Kd8 53. Qd6+ Ke8 54. Qg6+ $11) 44. Kb3 Qxd5+ 45. Kb2 Rxc1 (45... Qd2+ {leads to mate.} 46. Rc2 Qd1 47. Na3 Ra8 48. Kb3 Rxa3+ 49. Kxa3 Qxc2 50. b5 Qxc3+ 51. Ka4 Bd1#) 46. Nd4 Qc4 47. Nc2 Rc8 (47... Qf4 48. g5 Qd2 49. g6+ Kxg6 50. Kb3 Qxc2+ 51. Ka3 Ra8#) 48. Kxc1 Qxc3 (48... Bxf3 49. Kb1 Qb3+ 50. Kc1 Rxc3 51. Kd2 Rxc2+ 52. Ke1 Qb1#) (48... Qf4+ 49. Kb1 Ra8 50. Kb2 Bd3 51. Na3 Qd2+ 52. Kb3 Qc1 53. c4 Rxa3#) 49. Kb1 Qxc2+ 50. Ka1 Ra8#) 39... Kg8 40. Qe6+ Kh7 41. Qe4+ 1/2-1/2

[Event "85th ARM-ch HL 2025"]
[Site "Yerevan"]
[Date "2025.01.19"]
[Round "6.2"]
[White "Grigoryan, Karen H."]
[Black "Hovhannisyan, Robert"]
[Result "0-1"]
[Annotator "TA"]
[ECO "B13"]
[WhiteElo "2572"]
[BlackElo "2626"]
[PlyCount "74"]
[EventDate "2025.01.13"]
[EventType "tourn"]
[EventCountry "ARM"]
[SourceTitle "playchess.com"]
[Source "ChessBase"]
[SourceQuality "1"]
[TimeControl "40/5400+30:1800+30"]

1. d4 d5 2. Nc3 Nf6 3. Bf4 c5 4. e3 cxd4 5. exd4 Bg4 6. f3 Bd7 7. Qd2 e6 8. O-O-O Bb4 9. a3 Ba5 ({Black should try} 9... Be7 $11) 10. Qe3 O-O 11. h4 Nc6 12. h5 h6 13. g4 {[%emt 0:05:21] Hoping for g5.} Nh7 14. Bd3 Bxc3 15. Bxh7+ Kxh7 16. Qxc3 (16. bxc3 $2 Na5 17. Qd3+ Kg8 $19) 16... Rc8 17. Qd3+ Kh8 {[%emt 0:05:54] Black is weak on the dark squares} 18. Nh3 (18. Kb1 f6 19. Nh3 e5 20. dxe5 fxe5 21. Qxd5 Bxg4 22. Qxd8 Rcxd8 23. Rxd8 Nxd8 24. fxg4 exf4 25. Rf1) 18... f6 19. Bd6 (19. Kb1 {simplifies} e5 20. dxe5 fxe5 21. Qxd5 Bxg4 22. fxg4 Qxd5 23. Rxd5 exf4 24. Rf1) 19... Rf7 20. Nf4 Na5 21. Bb4 Ba4 {[%emt 0:05:59] [#]} (21... Nc4 $11 {remains equal.}) 22. Bxa5 (22. Nxe6 Bxc2 23. Nxd8 Bxd3+ 24. Kd2 Nc4+ 25. Kc1 (25. Kc3 $2 Rd7 $19) 25... Nxa3+ (25... Rxd8 26. Rxd3 Rc8 27. Rc3 $15) 26. Bc5 Rxd8 $17) ({Better is} 22. Rh2 $1 $16) 22... Qxa5 $11 23. Rd2 Rfc7 24. Ng6+ (24. Rhh2 $1 $11) 24... Kg8 $15 25. Rhh2 Kf7 (25... b5 $1 $15 26. Qe3 b4 27. axb4 (27. Qxe6+ $2 {loses.} Kh7 $19) 27... Qxb4 28. Qxe6+ Kh7) 26. f4 $2 {[%emt 0:08:02][%mdl 8192] [#]} (26. Kb1 $1 $11 {and White has nothing to worry.}) 26... Bb5 $1 $19 27. Qb3 {[%emt 0:01:50] [#]} Rxc2+ $3 28. Qxc2 Rxc2+ 29. Kxc2 Qa4+ 30. Kc1 Qc4+ 31. Rc2 (31. Kb1 $142 Qf1+ 32. Kc2) 31... Qf1+ 32. Kd2 Qd3+ 33. Kc1 Qf1+ (33... Qe3+ 34. Rhd2 Ba4 (34... Qg1+ $2 35. Rd1 $19) 35. b3 $19 (35. Rc7+ $2 Ke8 $19)) (33... Qxd4 $142 34. Rc7+ Ke8) 34. Kd2 Bc4 {[%emt 0:00:59] ...Qg1 is the strong threat.} 35. Rc3 Qb1 36. Ke3 Qg1+ 37. Rf2 Qg3+ 0-1

[Event "85th ARM-ch HL 2025"]
[Site "Yerevan"]
[Date "2025.01.19"]
[Round "6.3"]
[White "Harutyunyan, Tigran K."]
[Black "Sargsyan, Sargis Vach."]
[Result "0-1"]
[Annotator "TA"]
[ECO "A07"]
[WhiteElo "2513"]
[BlackElo "2370"]
[PlyCount "88"]
[EventDate "2025.01.13"]
[EventType "tourn"]
[EventCountry "ARM"]
[SourceTitle "playchess.com"]
[Source "ChessBase"]
[SourceQuality "1"]
[TimeControl "40/5400+30:1800+30"]

1. Nf3 d5 2. g3 Bg4 3. Bg2 c6 4. O-O Nd7 5. h3 Bh5 6. d4 Ngf6 {[%emt 0:01:38] [#]} 7. c4 $1 e6 8. cxd5 exd5 9. Ne5 Ne4 10. Nd2 f5 11. Nxe4 fxe4 12. f3 Nxe5 13. dxe5 Bc5+ 14. Kh1 O-O 15. g4 Bf7 16. Bf4 h5 17. gxh5 Qh4 18. fxe4 Bxh5 19. Qc2 Bb6 20. Bh2 {[%emt 0:08:14] [#]} Bg6 $1 {[%emt 0:08:05] Black is much more active.} 21. e6 (21. Rf3 $17) 21... Rxf1+ $19 22. Rxf1 Re8 (22... Bxe4 23. Bxe4 dxe4 24. Rf4 Qxh3 25. e7 $11 (25. Qxe4 $2 Rd8 $19)) 23. Qc3 Bxe4 (23... dxe4 24. Be5 $11) 24. Qe5 {[%emt 0:01:23] [#]} Bd4 $1 $40 {[%emt 0:00:58][%mdl 640] Black attacks with force.} 25. Qf4 Qxf4 (25... Qxh3 26. Qxe4 $15) 26. Rxf4 Rxe6 27. Bxe4 Rxe4 ({Don't do} 27... dxe4 28. Bg1 Bxb2 29. Bxa7) 28. Rxe4 dxe4 {[%emt 0:00:04][%mdl 4096] Endgame KB-KB. Black is a pawn up.} 29. b3 Kf7 30. Bf4 (30. Kg2 {might work better.}) 30... Ke6 31. Kg2 Kd5 32. Bc1 c5 33. Kg3 $2 (33. Kf1) 33... b5 34. Kf4 c4 35. bxc4+ bxc4 36. h4 (36. Kg3 $142) 36... Bf2 37. h5 c3 {[%emt 0:00:13] And now ...Kd4 would win.} 38. Kf5 Be1 {[%emt 0:00:10] ( -> ...Bd2)} 39. Kg6 Bd2 40. Ba3 c2 41. Kxg7 c1=Q 42. Bxc1 Bxc1 43. h6 Kd4 44. h7 Ke3 0-1

[Event "85th ARM-ch HL 2025"]
[Site "Yerevan"]
[Date "2025.01.19"]
[Round "6.4"]
[White "Agasarov, Benik"]
[Black "Andriasian, Zaven"]
[Result "1-0"]
[Annotator "TA"]
[ECO "B92"]
[WhiteElo "2387"]
[BlackElo "2554"]
[PlyCount "123"]
[EventDate "2025.01.13"]
[EventType "tourn"]
[EventCountry "ARM"]
[SourceTitle "playchess.com"]
[Source "ChessBase"]
[SourceQuality "1"]
[TimeControl "40/5400+30:1800+30"]

1. e4 c5 2. Nf3 d6 3. d4 cxd4 4. Nxd4 Nf6 5. Nc3 a6 6. Be2 e5 7. Nb3 Be7 8. g4 h6 9. Be3 Be6 10. h4 Nc6 11. Nd5 Rc8 12. f3 Bxd5 13. exd5 Nb4 14. c4 a5 15. a3 Na6 $1 16. Nd2 Nd7 17. Ne4 (17. Kf1 $14) 17... Bxh4+ (17... Nac5 $11) 18. Kd2 (18. Kf1 $16 Be7 19. b4) 18... Ndc5 19. Rxh4 (19. Nxd6+ $1 $11 Qxd6 20. Rxh4) 19... Nxe4+ $17 20. fxe4 Qxh4 21. Qa4+ Kf8 (21... Ke7 {is more complex.} 22. Qb5 Nb8 23. c5 Rhd8) 22. b4 axb4 23. axb4 Qd8 24. Qb5 Qc7 25. c5 g6 (25... dxc5 $6 26. bxc5 Kg8 (26... Nxc5 $2 27. Qxc5+ Qxc5 28. Bxc5+ Rxc5 29. Ra8+ Ke7 30. Rxh8 $18) 27. d6 $16) 26. Rc1 (26. c6 bxc6 27. Qxa6 cxd5 $17) (26. Qa5 {simplifies} dxc5 27. Bxa6 Qxa5 28. Rxa5 bxa6 29. bxc5 h5 30. gxh5 gxh5 31. Rxa6 h4 32. d6) 26... dxc5 27. bxc5 Kg7 28. d6 Rhd8 29. Ke1 $1 (29. Bd4 $2 Rxd6 30. c6 Rxd4+ $19) 29... Qc6 30. Qxc6 (30. Qb2 $1 $11 Qxe4 31. Kf2 Nxc5 32. Rxc5 Rxc5 33. Bxc5) 30... Rxc6 $17 31. Bb5 Rcc8 32. Bxa6 (32. Ke2 $17) 32... bxa6 $19 33. Rb1 (33. Ke2) 33... Rc6 $2 (33... Kf6 $19 34. Rb7 a5) 34. Kd2 $17 Kf6 (34... Rd7 $17 35. Kd3 f6) 35. Kd3 (35. Rf1+ $11 {remains equal.} Ke6 36. g5 Rdxd6+ (36... hxg5 37. Bxg5 $11) 37. cxd6 Rxd6+ 38. Ke1 hxg5 39. Bxg5) 35... Ke6 $17 36. Rb7 Rd7 (36... Rcc8 $1 $17 {Strongly threatening ...Rd7.} 37. Re7+ (37. Bxh6 $2 Rxc5 38. Rb6 Ra5 $19) 37... Kf6) 37. Rb8 $11 f6 38. Rh8 a5 39. Rxh6 $2 (39. Kc4 $1 $11 {and White has nothing to worry.}) 39... a4 $1 $19 40. Rxg6 Kf7 (40... a3 41. g5 Rf7 42. Kc2 $17) 41. Rh6 a3 42. g5 {[%emt 0:15:03] [#]} (42. Kc2 {might work better.} Rdxd6 43. Rh7+ Ke6 44. Ra7) 42... a2 $1 $19 43. Rxf6+ Ke8 44. Rf1 Ra6 45. Ra1 {[%emt 0:00:10] [#]} Rb7 $1 ({Stronger than} 45... Ra3+ 46. Kc4 $16) 46. g6 Ra3+ $2 ({Black should play} 46... Rb3+ $19 47. Ke2 Kd7 (47... Raa3 48. Bc1 $17)) 47. Kc4 $11 Rxe3 48. Rxa2 Kd7 $1 (48... Rxe4+ 49. Kd5 Rd4+ 50. Kc6 $18 (50. Ke6 Kf8 $16)) 49. Kd5 Rd3+ 50. Kxe5 Rg3 $2 (50... Kc6 $11) 51. Ra6 $18 Rb5 52. Ra7+ Kd8 53. Kd5 Rxg6 54. e5 Rg5 55. Ra8+ $2 (55. Kc6 {mates} Rb8 56. Rd7+ Ke8 57. Rh7 Rc8+ 58. Kd5 Kd8 59. Rh8+ Kd7 60. c6+ Rxc6 61. Rh7+ Kc8 62. Kxc6) 55... Kd7 $11 56. Ra7+ $2 (56. Ra6 $11 Rxc5+ 57. Kxc5 Rxe5+ 58. Kd4) 56... Kd8 57. Kc6 Rb8 58. Rd7+ Ke8 59. Rh7 Rg8 60. Kc7 Ra8 61. d7+ Kf8 62. e6 1-0

[Event "85th ARM-ch HL 2025"]
[Site "Yerevan"]
[Date "2025.01.19"]
[Round "6.5"]
[White "Gharibyan, Mamikon"]
[Black "Petrosyan, Manuel"]
[Result "1/2-1/2"]
[Annotator "TA"]
[ECO "A46"]
[WhiteElo "2486"]
[BlackElo "2590"]
[PlyCount "53"]
[EventDate "2025.01.13"]
[EventType "tourn"]
[EventCountry "ARM"]
[SourceTitle "playchess.com"]
[Source "ChessBase"]
[SourceQuality "1"]
[TimeControl "40/5400+30:1800+30"]

1. d4 Nf6 2. Nf3 e6 3. Bf4 c5 4. c3 Nc6 5. e3 h6 6. h3 d5 7. Nbd2 Bd6 8. Ne5 Qc7 9. Ndf3 c4 10. Qc2 b5 (10... Nd7 $5) 11. Be2 Bb7 12. O-O (12. Nxc6 {simplifies} Bxc6 13. Bxd6 Qxd6 14. O-O) 12... O-O 13. b3 Ne4 14. Nxc6 Bxf4 15. exf4 Bxc6 16. Ne5 f6 17. Ng6 cxb3 18. axb3 Rfc8 {[%emt 0:00:12] ...Be8 is in the air} 19. f3 Ng3 {[%emt 0:07:00][%cal Oc6e8] ...Be8! would now be deadly.} 20. Rfe1 Nxe2+ 21. Qxe2 Re8 22. Ra6 Bd7 23. Qd3 Bc8 24. Ra2 Bd7 (24... Kf7 $5) 25. Ra6 Bc8 26. Ra2 Bd7 27. Ra6 1/2-1/2

[Event "85th ARM-ch HL 2025"]
[Site "Yerevan"]
[Date "2025.01.20"]
[Round "7.1"]
[White "Petrosyan, Manuel"]
[Black "Davtyan, Artur"]
[Result "1/2-1/2"]
[Annotator "TA"]
[ECO "C42"]
[WhiteElo "2590"]
[BlackElo "2458"]
[PlyCount "76"]
[EventDate "2025.01.13"]
[EventType "tourn"]
[EventCountry "ARM"]
[SourceTitle "playchess.com"]
[Source "ChessBase"]
[SourceQuality "1"]
[TimeControl "40/5400+30:1800+30"]

1. e4 e5 2. Nf3 Nf6 3. Nxe5 d6 4. Nf3 Nxe4 5. d4 d5 6. Bd3 Be7 7. O-O Nc6 8. Nbd2 Nd6 9. c3 Bf5 10. Bc2 g6 11. Bb3 Be6 12. Re1 O-O 13. Nf1 Ne4 14. Ng3 f5 15. Bh6 Re8 16. Ba4 Bd6 17. Qc1 Qf6 18. Bf4 Bf7 19. Bxc6 (19. Ne2 Re7 20. Bxc6 Bxf4 21. Nxf4 Qxc6 22. Nd3) 19... bxc6 20. Ne5 c5 21. f3 cxd4 ({Black should play} 21... Nxg3 $14 22. hxg3 cxd4 23. cxd4 Rab8) 22. cxd4 (22. Nxe4 dxe4 (22... fxe4 23. cxd4 exf3 24. gxf3 $15) 23. cxd4 exf3 $15) (22. Nxf7 $16 Bxf4 23. Qxf4 Nxg3 24. Nh6+ (24. Qxd4 $2 Ne2+ 25. Rxe2 Qxd4+ 26. cxd4 Rxe2 $19) (24. Qxg3 Kxf7 25. Qxc7+ Kg8 $11) (24. Qxc7 $2 Ne2+ 25. Kf1 d3 $19) 24... Kg7 25. hxg3 dxc3 26. bxc3 (26. Qxc7+ Kxh6 27. bxc3 Rxe1+ 28. Rxe1 Qb6+ 29. Qxb6 axb6 $11) 26... Qxc3 27. Red1) 22... Nxg3 $14 23. hxg3 c5 24. Qd2 {[%emt 0:00:30] aiming for Nd7. White is more active.} Re6 (24... Be7 $14) 25. Nxf7 $16 Kxf7 26. Bxd6 Rxe1+ 27. Rxe1 Qxd6 {[%emt 0:00:30][%mdl 4096] Endgame KQR-KQR} 28. Qh6 (28. dxc5 $14 Qxc5+ 29. Kh2) 28... Kg8 $11 29. Qh4 cxd4 30. Re7 (30. Qxd4 {simplifies} Qb6 31. Qxb6 axb6 32. a3) 30... h5 31. Rb7 Rb8 32. Rxa7 d3 33. Kh2 ({Better is} 33. Qd4 $11 Qb6 34. Ra4 (34. Rg7+ Kf8 $17)) 33... f4 $1 $15 34. Ra3 $1 fxg3+ ({But not} 34... Rxb2 35. Rxd3 Rb4 36. g4 hxg4 37. Qxg4 $11) (34... d2 $15 35. Rd3 Rb4 (35... Rxb2 36. Qxf4 Qxf4 37. gxf4 $11)) 35. Qxg3 $11 Qxg3+ 36. Kxg3 Rxb2 37. Rxd3 Rxa2 38. Rxd5 Kg7 1/2-1/2

[Event "85th ARM-ch HL 2025"]
[Site "Yerevan"]
[Date "2025.01.20"]
[Round "7.2"]
[White "Andriasian, Zaven"]
[Black "Gharibyan, Mamikon"]
[Result "1-0"]
[Annotator "TA"]
[ECO "B33"]
[WhiteElo "2554"]
[BlackElo "2486"]
[PlyCount "95"]
[EventDate "2025.01.13"]
[EventType "tourn"]
[EventCountry "ARM"]
[SourceTitle "playchess.com"]
[Source "ChessBase"]
[SourceQuality "1"]
[TimeControl "40/5400+30:1800+30"]

1. e4 c5 2. Nf3 e6 3. d4 cxd4 4. Nxd4 Nc6 5. Nc3 Nf6 6. Ndb5 d6 7. Bf4 e5 8. Bg5 a6 9. Na3 b5 10. Nd5 Be7 11. Bxf6 Bxf6 12. c4 b4 13. Nc2 O-O 14. g3 Bg5 15. Bg2 Rb8 16. b3 a5 17. O-O Be6 18. f4 Be7 19. Nxe7+ Qxe7 20. f5 Bc8 {[%emt 0:06:12] [#]} 21. f6 $1 gxf6 22. Qd2 ({Better is} 22. Qh5 $16) 22... Kh8 $14 23. Rf2 (23. Qh6 Be6 $16) 23... Rg8 24. Raf1 Be6 25. Rxf6 Rg6 26. R6f2 Rbg8 27. Qe3 Qf8 28. Qb6 Qc8 29. Ne3 Qd7 {[%emt 0:05:15] [#]} 30. Nf5 $1 Rf6 31. Nh4 {[%emt 0:10:24] White is much more active.} (31. Bh3 $16) 31... Rxf2 32. Qxf2 Qa7 33. Nf5 (33. Qxa7 $16 Nxa7 34. Rd1) 33... Qxf2+ $11 34. Kxf2 Rd8 35. Rd1 Bxf5 (35... a4 $1 $11 {deserves consideration.}) 36. exf5 {[%emt 0:00:08][%mdl 4096] Endgame KRB-KRN} Nd4 37. f6 h6 (37... Rg8 $14) 38. Ke3 $16 Kh7 (38... Rc8 $16) 39. Be4+ $18 Kg8 {[%emt 0:00:05] [#]} 40. g4 $1 Kf8 (40... Rd7 {was necessary.} 41. Rc1 Rc7) 41. h4 Ke8 42. g5 hxg5 43. hxg5 Kd7 44. Rh1 {[%emt 0:03:40] Bd5 would now be deadly. Prevents Rh8} Rg8 $2 {[%emt 0:02:43] [#]} (44... Ke6 {is more resistant.} 45. Rh2 Rf8) 45. g6 $1 Rxg6 46. Bxg6 fxg6 47. Rg1 Ke6 48. Rxg6 1-0

[Event "85th ARM-ch HL 2025"]
[Site "Yerevan"]
[Date "2025.01.20"]
[Round "7.3"]
[White "Sargsyan, Sargis Vach."]
[Black "Agasarov, Benik"]
[Result "1-0"]
[Annotator "TA"]
[ECO "E48"]
[WhiteElo "2370"]
[BlackElo "2387"]
[PlyCount "73"]
[EventDate "2025.01.13"]
[EventType "tourn"]
[EventCountry "ARM"]
[SourceTitle "playchess.com"]
[Source "ChessBase"]
[SourceQuality "1"]
[TimeControl "40/5400+30:1800+30"]

1. d4 Nf6 2. c4 e6 3. Nc3 Bb4 4. e3 O-O 5. Bd3 d5 6. cxd5 exd5 7. a3 Bd6 8. Qc2 c6 9. Nge2 Re8 10. Bd2 b6 11. f3 c5 12. g4 c4 13. Bf5 Bxf5 14. Qxf5 g6 15. Qc2 Nc6 16. h4 Bf8 (16... Na5 $15) 17. Kf2 (17. h5 $14 {is superior.}) 17... Rb8 $11 18. Nf4 b5 19. g5 b4 $1 20. Nce2 $1 (20. gxf6 bxc3 21. bxc3 Bh6 $17 (21... Qxf6 22. Nxd5 Qd8 23. e4 $18)) 20... bxa3 $1 21. bxa3 Nh5 22. Nxh5 gxh5 23. Nf4 Bg7 ({Black should try} 23... Qd7 $1 $11) 24. Rab1 $14 {[%emt 0:00:13] White is more active.} (24. Nxh5 Nxd4 25. exd4 Bxd4+ 26. Kg3 Rb2 $17) 24... Qd6 25. Rxb8 (25. Nxh5 Nxd4 26. Qa4 (26. exd4 $2 Bxd4+ 27. Kf1 Qxa3 $19) 26... Nf5 27. Rxb8 Rxb8 $19) (25. Qa4 {looks sharper.} h6 26. Rhg1 hxg5 27. Rxb8 Rxb8 28. Rxg5 Rb2 29. Ke1) 25... Rxb8 26. Rb1 {[%emt 0:00:40] Repels Rb3} Rb6 (26... a5 $142) 27. Rxb6 $1 $16 (27. Nxh5 $2 Qh2+ (27... Qxa3 28. Rxb6 axb6 29. Be1 $11) 28. Kf1 Qh1+ (28... Qxh4 29. Rxb6 axb6 30. Nxg7 $17) (28... Rxb1+ $2 29. Qxb1 Qh1+ 30. Ke2 $19) 29. Kf2 Rxb1 $19) 27... axb6 28. Qa4 {[%emt 0:00:17][%cal Of2g2] Black must now prevent Kg2!.} Bf8 {[%emt 0:00:00] [#]} 29. Qb5 $1 Ne7 $2 (29... h6 30. Qxd5 Qxd5 31. Nxd5 b5 32. Nf6+ Kh8) 30. Bb4 $18 (30. Nxh5 Qh2+ (30... Qxa3 $2 31. Nf6+ Kg7 32. Qb1 $18) 31. Kf1 Qxd2 $17) 30... Qc7 31. Qe8 (31. Nxh5 Qh2+ 32. Kf1 Qh1+ 33. Ke2 Qg2+ 34. Ke1 Qxf3 35. Nf6+ Kg7 36. Qxb6 Qxe3+ 37. Kd1 Qd3+ 38. Ke1 (38. Kc1 $2 c3 $19) 38... Qg3+ 39. Ke2 Qg2+ (39... Qxh4 40. Qb8 $11) 40. Ke1 Qh1+ 41. Ke2 Qh2+ (41... Qxh4 42. Qb8 $11) 42. Kd1 Qxh4 43. Ne8+ Kh8 $11 (43... Kg8 44. Nf6+ Kh8 45. Qb8 $11)) 31... c3 32. Bxe7 (32. Nxh5 Qh2+ 33. Kf1 c2 34. Nf6+ Kg7 35. Nh5+ Kg6 36. Nf4+ Qxf4 37. exf4 c1=Q+ (37... c1=B 38. Qxf8 Nf5 39. Qg8+ Ng7 40. h5+ Kxh5 41. Qxh7#) 38. Kf2 Qc2+ 39. Ke1 Nf5 40. Qxf8 Qc1+ (40... Nxd4 41. Qh6+ Kf5 42. Qf6#) 41. Kf2 Qe3+ (41... Qxf4 $2 42. Qg8+ Ng7 43. h5+ Kxg5 44. Qxg7+ $18) 42. Kg2 Qe2+ (42... Nxh4+ 43. Kh3 $11) 43. Kg1 Qxf3 44. Qg8+ Kh5 45. Qxf7+ Kg4 $15) 32... Qxe7 33. Qxe7 Bxe7 {[%emt 0:00:00] [#]} 34. Ke2 $1 (34. Nxh5 $2 c2 (34... Bxa3 $2 35. Nf4 $19) 35. Nf4 c1=Q $19 (35... c1=B 36. a4 $14)) 34... Bxa3 {[%emt 0:00:00] And now ...c2 would win.} 35. Kd3 (35. Nxh5 $2 {perishes.} c2 36. Nf6+ Kh8 37. Nxd5 c1=Q $19 (37... c1=R $2 38. Nxb6 Rh1 39. f4 $19)) 35... Bd6 36. Nxh5 ({Weaker is} 36. Nxd5 Bg3 $18) 36... b5 37. Kxc3 1-0